 Dungeon Crawl Stone Soup version 0.22.0-32-gbc6daba (webtiles) character file.

437 Monsterracer the Slasher (level 7, -4/53 HPs)
             Began as a Barachi Earth Elementalist on Aug 23, 2018.
             Killed by divine providence
             ... invoked by an orc priest
              (13 damage)
             ... on level 4 of the Dungeon.
             The game lasted 00:05:10 (3809 turns).

Monsterracer the Slasher (BaEE)                     Turns: 3809, Time: 00:05:12

Health: -4/53      AC:  6    Str: 19    XL:     7   Next: 1%
Magic:  10/10      EV: 11    Int: 15    God:
Gold:   129        SH:  0    Dex: 12    Spells: 11/11 levels left

rFire    + . .     SeeInvis .   l - +2 falchion (holy)
rCold    . . .     Gourm    .   (no shield)
rNeg     . . .     Faith    .   i - +1 ring mail
rPois    +         Spirit   .   (no helmet)
rElec    .         Reflect  .   (no cloak)
rCorr    .         Harm     .   (no gloves)
MR       +....                  (no boots)
Stlth    +.........             (no amulet)
HPRegen  0.17/turn              p - ring of protection from magic {!d}
MPRegen  0.12/turn              o - ring of poison resistance {!d}

@: mighty, lethally poisoned (-4 -> -5), hasted, very quick
A: +LOS, swims, fire resistance 1, screaming 1, slowness 1, strong 1, strong
legs 1
a: Hop


You were on level 4 of the Dungeon.
You were not hungry.

You visited 1 branch of the dungeon, and saw 4 of its levels.

You collected 129 gold pieces.

Inventory:

Hand Weapons
 l - a +2 falchion of holy wrath (weapon)
Armour
 i - a +1 ring mail (worn)
Jewellery
 d - an uncursed ring of fire
 o - a ring of poison resistance (right hand) {!d}
 p - a ring of protection from magic (left hand) {!d}
 q - an uncursed ring of stealth
Wands
 j - a wand of iceblast (10)
 k - a wand of disintegration (10)
 t - a wand of flame (33)
Scrolls
 f - a scroll of remove curse
Potions
 a - a potion of brilliance
 b - a potion of flight
 e - a potion of magic
 g - a potion of invisibility
 h - a potion of agility
Comestibles
 c - 6 rations
 n - a chunk of flesh


   Skills:
 + Level 3.9 Fighting
 * Level 5.9 Long Blades
 - Level 2.1 Dodging
 - Level 1.7 Stealth
 - Level 2.5 Spellcasting
   Level 1.1 Transmutations
   Level 3.5 Earth Magic
 + Level 2.2 Evocations


You had 11 spell levels left.
You didn't know any spells.
Your spell library contained the following spells:

 Spells                   Type           Power        Failure   Level  Hunger
 Sandblast                Erth           ##....       9%          1    #......
 Passwall                 Tmut/Erth      #.......     22%         2    ###....
 Magic Dart               Conj           #...         36%         1    #......
 Stone Arrow              Conj/Erth      #.....       47%         3    ###....
 Blink                    Tloc           N/A          50%         2    ###....
 Call Imp                 Summ           #.......     50%         2    ###....
 Slow                     Hex            #.......     50%         2    ###....
 Conjure Flame            Conj/Fire      #.......     73%         3    ###....
 Mephitic Cloud           Conj/Pois/Air  #.......     73%         3    ###....
 Petrify                  Tmut/Erth      #.......     80%         4    #####..
 Lee's Rapid Deconstruct  Erth           ##........   94%         5    ######.


Dungeon Overview and Level Annotations

Branches:
Dungeon (4/15)             Temple (0/1) D:4

Altars:
Nemelex Xobeh


Innate Abilities, Weirdness & Mutations

Shadows flee at your approach. (+LOS)
You can swim through water.
You cover ground slowly.
You can hop short distances.
Your flesh is heat resistant. (rF+)
You occasionally shout uncontrollably at your foes.
Your muscles are strong. (Str +2)


Message History

An orc and an orc priest come into view.
The orc is wielding a dagger of speed.
The orc shouts!
The orc priest shouts!
You hear a shout!
The orc throws a tomahawk.
The tomahawk hits you but does no damage.
You see here a tomahawk.
An orc comes into view. It is wielding a flail.
The orc moves out of view.
The orc shouts!
The orc priest begins to cast a cantrip, but forgets the words!
Your ring mail prevents you from hitting the orc.
The orc hits you with a dagger of speed.
The orc closely misses you.
You take 1 damage, and have 44/48 hp.
You hit the orc.
The orc is heavily wounded.
An adder comes into view.
The orc misses you. The orc hits you but does no damage.
The adder moves out of view.
You slash the orc!
You kill the orc!
The orc hits you with a dagger of venom.
You take 1 damage, and have 43/48 hp.
You hit the orc priest but do no damage.
The orc priest hits you but does no damage.
The orc hits you but does no damage.
You hit the orc priest.
The orc priest is moderately wounded.
The orc priest barely misses you. The orc hits you but does no damage.
You closely miss the orc priest.
The orc priest is moderately wounded.
The orc priest closely misses you.
You riposte.
You hit the orc priest.
The orc priest is heavily wounded.
The orc hits you but does no damage. x2
You closely miss the orc priest.
The orc priest is heavily wounded.
An orc priest comes into view. It is wielding a mace.
The orc priest calls down the wrath of Beogh upon you.
Beogh smites you! The orc closely misses you.
The orc hits you with a dagger of venom.
You are poisoned.
The orc priest shouts!
You take 14 damage, and have 30/48 hp.
MASSIVE DAMAGE!!
You hit the orc priest.
The orc priest is severely wounded.
You feel sick.
You hear an angry hiss.
The orc priest completely misses you. The orc hits you but does no damage.
You take 1 damage, and have 29/48 hp.
You hit the orc priest.
The orc priest is almost dead.
You feel sick. The orc priest hits you with a whip.
The orc hits you with a flail.
* * * LOW HITPOINT WARNING * * *
The orc misses you.
You take 8 damage, and have 21/48 hp.
Unknown command.
Okay, then.
It was a potion of might.
You feel very mighty all of a sudden. The orc priest closely misses you.
You riposte.
You closely miss the orc priest.
The orc priest is almost dead.
The orc hits you with a flail.
* * * LOW HITPOINT WARNING * * *
The orc hits you but does no damage.
You take 3 damage, and have 18/48 hp.
Unknown command.
You feel yourself speed up. The orc priest barely misses you.
The orc priest calls down the wrath of Beogh upon you.
Beogh smites you!
* * * LOW HITPOINT WARNING * * *
The orc hits you with a flail.
* * * LOW HITPOINT WARNING * * *
The orc hits you but does no damage.
You take 8 damage, and have 10/48 hp.
You closely miss the orc priest.
The orc priest is almost dead.
You feel sick.
The orc priest hits you but does no damage.
You take 1 damage, and have 9/48 hp.
You slash the orc priest!
You kill the orc priest!
You have reached level 7!
The orc closely misses you.
You riposte.
You slash the orc!
You kill the orc!
The orc hits you but does no damage.
MP restored: 10 You hit the orc priest.
The orc priest is heavily wounded.
The orc closely misses you.
The orc priest looks braver for a moment.
You closely miss the orc priest.
The orc priest is heavily wounded.
You hit the orc priest.
The orc priest is severely wounded.
You feel sick. The orc closely misses you.
The orc priest invokes the aid of Beogh against you.
Beogh smites you!
You die...

####(## ......#
.###[.# .# #..#
.###..# ########
..##..# #....(.#
.#.#..#####.####(#
###.........# #.#
.#.(...###### #@#
#.#...## #...ooS.#
.###.## #.###.#.#
.# #.# .....# .#
#.# ..# .# .# #'#
#.## .# .# ... #.
# .# ... #. .. ...
..


You could see an orc priest, an adder and an orc.

Vanquished Creatures
  2 ogres (D:4)
  A bullfrog (D:4)
  A hound (D:4)
  An orc wizard (D:4)
  An orc priest (D:4)
  A worker ant (D:4)
  An adder (D:2)
  An ooze (D:4)
  A worm (D:2)
  2 dart slugs
  2 leopard geckos
  12 orcs
  8 bats
  6 giant cockroaches
  4 hobgoblins
  2 jackals (D:4)
  A kobold (D:2)
  2 quokkas
  3 frilled lizards
  8 goblins
  7 rats
67 creatures vanquished.

Notes
Turn   | Place    | Note
-------+----------+-------------------------------------------
     0 | D:1      | Monsterracer the Barachi Earth Elementalist began the quest for the Orb.
     0 | D:1      | Reached XP level 1. HP: 13/13 MP: 3/3
   395 | D:1      | Reached XP level 2. HP: 19/19 MP: 3/5
   781 | D:2      | Reached skill level 1 in Long Blades
   812 | D:2      | HP: 6/20 [worm (7)]
   921 | D:2      | Reached XP level 3. HP: 16/25 MP: 1/6
  1174 | D:2      | Reached skill level 1 in Fighting
  1641 | D:2      | Reached skill level 2 in Long Blades
  1798 | D:2      | Found a sparkling altar of Nemelex Xobeh.
  2102 | D:3      | Reached XP level 4. HP: 18/32 MP: 7/7
  2847 | D:4      | Reached skill level 3 in Long Blades
  2895 | D:4      | Noticed an ogre
  2898 | D:4      | Killed an ogre
  2898 | D:4      | Reached skill level 4 in Long Blades
  2898 | D:4      | Reached XP level 5. HP: 40/40 MP: 8/8
  2968 | D:4      | Noticed an ogre
  2972 | D:4      | Killed an ogre
  2972 | D:4      | Reached skill level 5 in Long Blades
  2972 | D:4      | Reached skill level 1 in Evocations
  2972 | D:4      | Reached XP level 6. HP: 47/47 MP: 9/9
  3017 | D:4      | HP: 18/47 [something (6)]
  3018 | D:4      | HP: 6/47 [something (12)]
  3029 | D:4      | Found a staircase to the Ecumenical Temple.
  3035 | D:4      | HP: 7/47 [jackal (2)]
  3064 | D:4      | HP: 23/47 [orc/flail (4)]
  3401 | D:4      | HP: 20/47 [orc wizard/magic dart (7)]
  3406 | D:4      | HP: 17/47 [poisoned by an orc wizard]
  3411 | D:4      | HP: 9/48 [poisoned by an orc wizard]
  3414 | D:4      | Gained mutation: You occasionally shout uncontrollably at your foes. [potion of mutation]
  3414 | D:4      | Gained mutation: Your flesh is heat resistant. (rF+) [potion of mutation]
  3414 | D:4      | Gained mutation: Your muscles are strong. (Str +2) [potion of mutation]
  3416 | D:4      | HP: 15/48 [hound (2)]
  3421 | D:4      | HP: 15/48 [orc/club (1)]
  3802 | D:4      | HP: 21/48 [orc/flail (5)]
  3804 | D:4      | HP: 10/48 [orc/flail (2)]
  3806 | D:4      | Reached XP level 7. HP: 10/53 MP: 10/10
  3809 | D:4      | HP: 9/53 [poisoned by an orc]
  3809 | D:4      | Killed from afar by an orc priest

Skill      XL: |  1  2  3  4  5  6 |
---------------+-------------------+-----
Long Blades    | 1 2 4 5 |  5.9
Fighting       | 1 2 3 |  3.9
Evocations     | 1 2 |  2.2
Dodging        | |  2.1
Stealth        | |  1.7
Spellcasting   | |  2.5
Transmutations | |  1.1
Earth Magic    | |  3.5

Action                   |  1- 3 |  4- 6 |  7- 9 || total
-------------------------+-------+-------+-------++-------
Melee: Falchion          |    22 |   115 |     3 ||   140
 Cast: Sandblast         |    40 |       |       ||    40
 Abil: Hop               |       |     1 |       ||     1
Evoke: Wand              |       |     5 |       ||     5
  Use: Scroll            |    11 |     2 |       ||    13
       Potion            |       |     5 |       ||     5
 Stab: Sleeping          |     3 |       |       ||     3
  Eat: Chunk             |     5 |     6 |       ||    11
Armor: Robe              |    10 |       |       ||    10
       Ring mail         |       |    37 |     1 ||    38
Dodge: Dodged            |    18 |    70 |     3 ||    91
       Rpst.: Falchion   |     3 |    21 |     1 ||    25

Vault maps used:
D:1:      mushboom_english_gardens, serial_bayou_pond_d
D:2:      first_ration, nemelex_xobeh_ov_fountains_minmay
D:3:      minmay_cupped
D:4:      grunt_gozag_breadcrumbs, minmay_temple_entry_glass, grunt_tough_drop
